 Dungeon Crawl Stone Soup version 0.26-a0-542-gbaa144ba5c (webtiles) character file.

Game seed: 6323160802212588915

383972 Errates the Earth Mage (level 22, -24/140 HPs)
             Began as a Gargoyle Earth Elementalist on Aug 17, 2020.
             Was the Champion of Vehumet.
             Shot with a bolt by a vault warden (28 damage)
             ... on level 5 of the Vaults on Aug 18, 2020.
             The game lasted 02:23:41 (62939 turns).

Errates the Earth Mage (GrEE)                      Turns: 62939, Time: 02:23:47

Health: -24/140    AC: 35    Str: 22    XL:     22   Next: 95%
Magic:  49/49      EV: 21    Int: 30    God:    Vehumet [******]
Gold:   2500       SH:  0    Dex: 16    Spells: 1/49 levels left

rFire    + . .     SeeInvis .   n - +9 whip (elec)
rCold    . . .     Faith    .   (no shield)
rNeg     + . .     Spirit   .   E - +2 robe {rF+}
rPois    ∞         Reflect  .   (helmet restricted)
rElec    +         Harm     .   y - +2 cloak {rCorr}
rCorr    +                      I - +3 pair of gauntlets of War {Slay+5}
MR       +....                  F - +1 pair of boots of Beiwaor {+Inv rElec rF- Str+2}
Stlth    +.........             (no amulet)
HPRegen  0.33/turn              h - ring "Yxzid" {rPois MP+9 Str+6 Dex+6 Stlth-}
MPRegen  0.31/turn              K - +6 ring of intelligence

@: flying, very slightly contaminated
A: big wings, horns 1, molten scales 1, thin metallic scales 1, fire resistance
1, negative energy resistance 1, screaming 1, electricity resistance,
unbreathing, evolution 1, petrification resistance, rot immunity, MP-powered
wands, AC +16
}: 2/15 runes: serpentine, barnacled
a: Stop Flying, Renounce Religion, Evoke Invisibility


You were on level 5 of the Vaults.
You worshipped Vehumet.
Vehumet was exalted by your worship.
You visited 9 branches of the dungeon, and saw 41 of its levels.
You also visited: Gauntlet.

You collected 5974 gold pieces.
You spent 3474 gold pieces at shops.

Inventory:

Hand Weapons
 n - a +9 whip of electrocution (weapon)
 D - a +0 morningstar of freezing
 S - a +5 sacred scourge of holy wrath
Missiles
 b - 1598 stones (quivered)
 Z - 5 throwing nets
Armour
 a - the +1 helmet of Leapfrog {rN++ Int+2 Dex-3}
   (You found it on level 3 of the Elven Halls)

   It affects your intelligence (+2).
   It affects your dexterity (-3).
   It greatly protects you from negative energy.
 y - a +2 cloak of preservation (worn)
 E - a +2 robe of fire resistance (worn)
 F - the +1 pair of boots of Beiwaor (worn) {+Inv rElec rF- Str+2}
   (You found it on level 9 of the Dungeon)

   It affects your strength (+2).
   It makes you vulnerable to fire.
   It insulates you from electricity.
   It lets you turn invisible.
 I - the +3 pair of gauntlets of War (worn) {Slay+5}
   (You found it on level 3 of the Elven Halls)

   It affects your accuracy and damage with ranged weapons and melee attacks
   (+5).
Jewellery
 e - an uncursed ring of protection from fire
 h - the ring "Yxzid" (left hand) {rPois MP+9 Str+6 Dex+6 Stlth-}
   (You took it off a deep elf knight on level 3 of the Elven Halls)

   [ring of dexterity]

   It affects your strength (+6).
   It affects your dexterity (+6).
   It protects you from poison.
   It affects your magic capacity (+9).
   It makes you less stealthy.
 t - an uncursed ring of fire
 w - an uncursed ring of see invisible
 K - a +6 ring of intelligence (right hand)
 T - an uncursed amulet of the acrobat
Wands
 o - a wand of acid (52)
 z - a wand of digging (2)
 L - a wand of iceblast (3)
 Y - a wand of disintegration (24)
Scrolls
 d - 25 scrolls of teleportation
 f - 3 scrolls of immolation
 i - 19 scrolls of remove curse
 j - a scroll of amnesia
 m - 7 scrolls of identify
 u - a scroll of brand weapon
 v - 4 scrolls of fog
 A - a scroll of blinking
 C - a scroll of magic mapping
 J - a scroll of summoning
 M - 4 scrolls of holy word
 N - 4 scrolls of fear
 R - a scroll of enchant armour
Potions
 c - 9 potions of ambrosia
 g - 2 potions of resistance
 l - 5 potions of brilliance
 p - 4 potions of might
 q - 22 potions of curing
 r - 5 potions of mutation
 s - a potion of magic
 B - 2 potions of heal wounds
 G - 3 potions of berserk rage
 V - 4 potions of invisibility
 W - 2 potions of haste
Miscellaneous
 k - a phantom mirror
 x - a lightning rod (4/4)
 H - a tin of tremorstones (3/3)
 O - a box of beasts (3/3)
 P - a phial of floods
 Q - a condenser vane (2/2)


   Skills:
 - Level 15.5 Fighting
 - Level 14.2 Maces & Flails
 - Level 6.0 Armour
 - Level 12.4 Dodging
 - Level 2.1 Stealth
 - Level 14.0 Spellcasting
 - Level 15.9 Conjurations
 - Level 0.7 Transmutations
 - Level 15.8 Fire Magic
 + Level 19.3 Earth Magic
 - Level 6.0 Evocations


You had one spell level left.
You knew the following spells:

 Your Spells              Type           Power        Failure   Level
a - Sandblast             Erth           ######       0%          1
b - Stone Arrow           Conj/Erth      ######       0%          3
c - Lee's Rapid Deconstr  Erth           #######...   0%          5
d - Iron Shot             Conj/Erth      #######...   1%          6
e - Bolt of Magma         Conj/Fire/Erth #######...   1%          5
f - Starburst             Conj/Fire      #######...   1%          6
g - Ignition              Fire           #######...   7%          8
h - Irradiate             Conj/Tmut      ######....   1%          5
i - Shatter               Erth           #######...   21%         9

Your spell library contained the following spells:

 Spells                   Type           Power        Failure   Level
 Tornado                  Air            ###.......   100%        9
 Beastly Appendage        Tmut           ####..       1%          1
 Freeze                   Ice            ###.         1%          1
 Shock                    Conj/Air       ####         1%          1
 Animate Skeleton         Necr           ###...       2%          1
 Apportation              Tloc           ###...       2%          1
 Corona                   Hex            ###....      2%          1
 Pain                     Necr           ###.         2%          1
 Summon Small Mammal      Summ           ###.         2%          1
 Conjure Flame            Conj/Fire      #######.     0%          3
 Passwall                 Tmut/Erth      ######..     1%          2
 Dazzling Flash           Conj/Hex       ######       1%          3
 Frozen Ramparts          Ice            ###...       1%          3
 Inner Flame              Hex/Fire       ######..     1%          3
 Static Discharge         Conj/Air       ######..     1%          3
 Hailstorm                Conj/Ice       ######..     1%          4
 Leda's Liquefaction      Hex/Erth       ######....   1%          4
 Petrify                  Tmut/Erth      ######..     1%          4
 Iskenderun's Battlesphe  Conj           #######.     1%          5
 Lightning Bolt           Conj/Air       ######....   1%          5
 Orb of Destruction       Conj           #######...   1%          7
 Wereblood                Tmut           ####....     2%          2
 Call Imp                 Summ           ###.....     3%          2
 Corpse Rot               Necr/Air       N/A          3%          2
 Ensorcelled Hibernation  Hex/Ice        ###...       3%          2
 Slow                     Hex            ###.....     3%          2
 Swiftness                Air            ###.....     3%          2
 Lehudib's Crystal Spear  Conj/Erth      #######...   3%          8
 Spider Form              Tmut/Pois      ###.......   6%          3
 Airstrike                Air            ###.......   6%          4
 Call Canine Familiar     Summ           ###.....     7%          3
 Confusing Touch          Hex            ###.....     7%          3
 Gell's Gravitas          Tloc           ###.......   7%          3
 Lesser Beckoning         Tloc           ###.......   7%          3
 Ozocubu's Armour         Ice            ###.....     7%          3
 Portal Projectile        Hex/Tloc       ###...       7%          3
 Summon Guardian Golem    Hex/Summ       ###.....     7%          3
 Tukima's Dance           Hex            ###.....     7%          3
 Vampiric Draining        Necr           ###.......   7%          3
 Freezing Cloud           Conj/Ice/Air   ######....   11%         6
 Yara's Violent Unravell  Hex/Tmut       ###.......   16%         5
 Spellforged Servitor     Conj/Summ      ######....   19%         7
 Ice Form                 Ice/Tmut       ###.....     21%         4
 Animate Dead             Necr           ###.......   22%         4
 Cause Fear               Hex            ###.......   22%         4
 Dispel Undead            Necr           ###.....     22%         4
 Summon Ice Beast         Ice/Summ       ###.....     22%         4
 Summon Lightning Spire   Summ/Air       ###.....     22%         4
 Blade Hands              Tmut           ####......   43%         5
 Alistair's Intoxication  Tmut/Pois      ###......    50%         5
 Agony                    Necr           ###.....     54%         5
 Excruciating Wounds      Necr           ###.......   54%         5
 Metabolic Englaciation   Hex/Ice        ###.......   54%         5
 Ozocubu's Refrigeration  Ice            ###.......   63%         6
 Fire Storm               Conj/Fire      #######...   63%         9
 Chain Lightning          Conj/Air       ######....   78%         8
 Invisibility             Hex            ###.....     98%         6
 Simulacrum               Ice/Necr       ###.......   98%         6
 Absolute Zero            Ice            ###.......   100%        9
 Sublimation of Blood     Necr           Unusable     N/A         2

Dungeon Overview and Level Annotations

Branches:
Dungeon (15/15)            Temple (1/1) D:5            Lair (6/6) D:10
 Shoals (4/4) Lair:2        Snake (4/4) Lair:3        Slime (0/5) Lair:5
    Orc (2/2) D:12            Elf (3/3) Orc:2        Vaults (5/5) D:13
  Crypt (0/3) Vaults:2     Depths (1/5) D:15        Gauntlet (visited)

Altars:
Cheibriados
Dithmenos
Fedhas
Gozag
Kikubaaqudgha
Makhleb
Okawaru
Ru
Sif Muna
Trog
Uskayaw
Vehumet
Wu Jian
Yredelemnul
Zin
The Shining One
Beogh
Jiyva

Shops:
D:8 :   D:10 *   D:11 =   Orc:2 [![![?*   Elf:1 [[[?=   Elf:2 *   Snake:2 [
Vaults:1 *   Vaults:2 :

Annotations:
D:11 3 runed translucent doors, Aksej's ghost, journeyman DsGl
D:12 2 runed translucent doors, Nuogamut's ghost, journeyman TrBe
Lair:6 1 runed translucent door, PigKeeper's ghost, journeyman TeHu
Shoals:2 3 runed translucent doors, Dienesei's ghost, adept MiBe
Elf:2 5 runed translucent doors
Elf:3 1 runed translucent door, Myldir's ghost, adept GrEE


Innate Abilities, Weirdness & Mutations

You are resistant to torment.
Your stone body is resilient. (AC +16)
You are immune to poison.
Your large and strong wings let you fly indefinitely.
You resist negative energy. (rN+)
You are resistant to electric shocks. (rElec)
You can survive without breathing.
You are immune to petrification.
You are immune to rotting.
You have a pair of small horns on your head.
You are partially covered in molten scales. (AC +2)
You are partially covered in thin metallic scales. (AC +2)
Your flesh is heat resistant. (rF+)
You occasionally shout uncontrollably at your foes.
You evolve.
You expend magic power (3 MP) to strengthen your wands.


Message History

Ka-crash!
You hear a shout! x3; You hear a horrible gurgling sound!
You hear a shout!
You hear a screech!
You hear a horrible gurgling sound! x2
You hear a shout! x2
The yaktaur captain wields a +0 arbalest.
The yaktaur captain shoots a bolt.
The bolt hits you!!
* * * LOW HITPOINT WARNING * * *
The tengu reaver points at you and mumbles some strange words.
The freezing blast engulfs you but does no damage.
A vault warden comes into view.
It is wielding a +1 dire flail of holy wrath.
Unknown command.
Unknown command.
Unknown command.
You are engulfed in freezing vapours.
* * * LOW HITPOINT WARNING * * *
The tengu reaver points at you and mumbles some strange words.
The bolt of lightning misses you.
The vault warden unwields a +1 dire flail of holy wrath.
It stops glowing.
The vault warden wields a +0 arbalest.
The vault warden shoots a bolt.
The bolt hits you!!
You die...

##..#......#..#
...p..)..#).Cc.
...)...).)C.)#.
...)(.[[...(...
#...$.[[)D†#.#.#
....[.Q).?......
...[.☼<<).......
..[.[<☼☼☼([.....
....[[☼@○÷[.....
..#.D[☼§§...##.#
).)...[[....Q..
..(..........#.
..).#....#...#
....#....#.#)..
!.. #..)...#...
#. #....# ..


You could see a shadow dragon, a storm dragon (catching breath), a stone giant,
a vault warden, 2 tengu reavers, a yaktaur captain and an ettin.

Vanquished Creatures
  Mennas (Vaults:3)
  Vashnia (Snake:4)
  Bai Suzhen (Vaults:3)
  Xtahua (Vaults:3)
  Nikola (Shoals:2)
  A bone dragon (Vaults:2)
  A lich (Vaults:4)
  Rupert (Orc:2)
  2 tentacled monstrosities
  2 deep elf blademasters (Elf:3)
  2 deep elf master archers (Elf:3)
  Polyphemus (Shoals:4)
  A kraken (Shoals:3)
  A shadow dragon (Vaults:5)
  3 tengu reavers
  A sphinx (Vaults:5)
  A storm dragon (Vaults:4)
  Ilsuiw (Shoals:3)
  10 nagarajas
  12 vault wardens
  Louise (Shoals:4)
  5 deep elf sorcerers (Elf:3)
  Aizul (Shoals:3)
  4 frost giants
  4 deep elf elementalists (Elf:3)
  7 ironheart preservers
  9 stone giants
  6 very ugly things
  5 entropy weavers
  4 deep elf demonologists (Elf:3)
  7 deep elf annihilators
  A minotaur (Gauntlet)
  8 deep elf death magi (Elf:3)
  4 ettins
  2 merfolk javelineers (Shoals:4)
  2 spark wasps (D:15)
  A crystal guardian (Vaults:5)
  5 merfolk impalers
  Erolcha (Orc:1)
  3 deep elf high priests
  4 yaktaur captains
  2 ice dragons
  Fannar (Orc:1)
  A great orb of eyes (Vaults:5)
  9 hydras
  28 vault guards
  14 naga warriors
  13 anacondas
  A catoblepas (Shoals:4)
  14 centaur warriors
  3 rakshasas
  3 alligator snapping turtles
  A death knight (Vaults:1)
  8 ogre magi
  A tengu warrior (D:15)
  2 merfolk avatars (Shoals:4)
  3 merfolk aquamancers (Shoals:4)
  3 deep troll shamans
  2 deep troll earth magi
  16 two-headed ogres
  3 satyrs
  14 dancing weapons
  10 death yaks
  10 shock serpents
  Sonja (D:10)
  2 salamander mystics
  8 naga sharpshooters
  13 deep elf knights
  5 large abominations (Elf:3)
  A fire crab (shapeshifter) (Vaults:2)
  10 sea snakes
  2 shadow wraiths
  5 deep trolls
  An unseen horror (shapeshifter) (Vaults:2)
  14 naga ritualists
  11 deep elf archers
  2 glowing orange brains
  4 wizards
  An orange crystal statue (Gauntlet)
  10 harpies
  16 orc knights
  Pikel (D:8)
  39 deep elf magi
  2 oklob plants
  10 ironbrand convokers
  A wolf spider (Vaults:2)
  10 mana vipers
  4 orc sorcerers
  13 ugly things
  2 necromancers (D:13)
  15 fauns
  10 salamanders
  4 cyclopes
  15 manticores
  12 elephants
  Joseph (D:7)
  11 merfolk sirens
  54 black mambas
  17 naga magi
  17 vault sentinels
  6 water nymphs
  9 guardian serpents
  A cane toad (shapeshifter) (Vaults:3)
  A gargoyle (D:15)
  A minotaur zombie (Gauntlet)
  5 cane toads
  17 yaktaurs
  A komodo dragon (shapeshifter) (Vaults:3)
  8 kobold demonologists
  3 rime drakes
  5 freezing wraiths
  6 komodo dragons
  2 efreet (D:14)
  3 trolls
  7 polar bears
  24 merfolk
  A merfolk (shapeshifter) (Vaults:3)
  2 jumping spiders
  A tengu simulacrum (Vaults:3)
  10 meliai
  3 tengu conjurers
  2 queen bees (Lair:4)
  A polar bear (shapeshifter) (D:15)
  11 blink frogs
  8 hornets
  12 hippogriffs
  7 wind drakes
  A dream sheep (shapeshifter) (Vaults:5)
  14 snapping turtles
  A raiju (shapeshifter) (D:15)
  34 slime creatures
  2 human simulacra (Vaults:2)
  A meliai zombie (D:15)
  15 dream sheep
  A spriggan (shapeshifter) (D:15)
  3 air elementals (Elf:3)
  12 spriggans (Lair:6)
  2 shadows (D:12)
  A tarantella (shapeshifter) (D:15)
  2 wraiths
  7 redbacks
  6 wyverns
  4 water elementals
  20 humans (D:13)
  A yak (shapeshifter) (Elf:3)
  A vampire mosquito (D:13)
  Grum (D:8)
  A fire elemental (Elf:3)
  7 basilisks
  20 yaks
  A soldier ant (shapeshifter) (D:15)
  An acid dragon (shapeshifter) (Vaults:3)
  8 wargs
  50 nagas
  An acid dragon (Vaults:2)
  10 water moccasins
  9 porcupines
  An ice beast (shapeshifter) (Elf:1)
  A swamp drake (D:10)
  An ice beast (D:12)
  4 sky beasts
  4 eyes of draining
  A sky beast (shapeshifter) (D:15)
  5 black bears
  55 orc warriors
  3 phantoms
  12 boggarts
  16 ogres
  2 necrophages
  38 wolves
  30 centaurs
  3 lemures (D:8)
  20 crocodiles
  5 big kobolds
  15 bullfrogs
  An earth elemental (Elf:1)
  2 troll zombies (D:12)
  5 scorpions
  51 killer bees
  21 wights
  5 howler monkeys
  An electric eel (D:13)
  7 small abominations (Elf:3)
  2 crimson imps (Gauntlet)
  3 centaur zombies
  3 jellies
  A quasit (D:10)
  2 bullfrog skeletons
  15 orc priests
  4 hounds
  30 orc wizards
  7 centaur skeletons
  A gnoll shaman (D:8)
  4 iguanas
  8 hell rats (Lair:4)
  6 worker ants
  A killer bee zombie (D:7)
  4 ogre zombies (D:12)
  2 hound skeletons
  2 worker ant zombies
  A howler monkey skeleton (D:5)
  4 gnolls (D:8)
  13 adders
  2 shadow imps
  2 white imps
  2 ufetubi (D:6)
  2 dart slugs
  2 worms
  8 leopard geckos
  111 orcs
  11 bats
  2 giant cockroaches (D:1)
  10 hobgoblins
  3 jackals (D:1)
  3 quokkas
  6 frilled lizards
  A giant cockroach zombie (D:5)
  11 goblins
  3 goblin zombies (D:12)
  2 hobgoblin skeletons (D:12)
  2 hobgoblin zombies (D:12)
  9 kobolds
  A leopard gecko skeleton (D:4)
  2 orc skeletons (D:12)
  10 orc zombies (D:12)
  A quokka skeleton (D:7)
  2 quokka zombies
  13 rats
  A butterfly (Lair:2)
  4 crawling corpses (Elf:3)
  7 plants
  4 tentacles (Shoals:3)
1688 creatures vanquished.

Vanquished Creatures (collateral kills)
  An oklob plant (Lair:3)
1 creature vanquished.

Vanquished Creatures (others)
  A deep elf mage (Elf:1)
  A vault sentinel (Vaults:2)
  A kobold (D:14)
  11 fungi
  7 plants
  2 tentacles (Shoals:3)
  2 withered plants (Lair:6)
25 creatures vanquished.

Grand Total: 1714 creatures vanquished

Notes
Turn   | Place    | Note
-------+----------+-------------------------------------------
     0 | D:1      | Errates the Gargoyle Earth Elementalist began the quest for
                  | the Orb.
     0 | D:1      | Reached XP level 1. HP: 10/10 MP: 3/3
   362 | D:1      | Reached XP level 2. HP: 10/15 MP: 0/5
   364 | D:1      | Reached skill level 4 in Earth Magic
   800 | D:1      | Reached XP level 3. HP: 15/19 MP: 7/7
   808 | D:1      | Learned a level 3 spell: Stone Arrow
  1872 | D:2      | Reached skill level 1 in Conjurations
  1872 | D:2      | Reached XP level 4. HP: 17/24 MP: 8/8
  2685 | D:3      | Reached skill level 5 in Earth Magic
  2744 | D:3      | Gained mutation: Your large and strong wings let you fly
                  | indefinitely. [potion of mutation]
  2744 | D:3      | Gained mutation: You are partially covered in thin metallic
                  | scales. (AC +2) [potion of mutation]
  2744 | D:3      | Gained mutation: Your flesh is heat resistant. (rF+)
                  | [potion of mutation]
  2744 | D:3      | Gained mutation: You are partially covered in molten
                  | scales. (AC +2) [potion of mutation]
  2785 | D:3      | Found a basalt altar of Yredelemnul.
  3014 | D:3      | Noticed a bullfrog
  3023 | D:3      | Killed a bullfrog
  3023 | D:3      | Reached XP level 5. HP: 21/28 MP: 8/10
  3045 | D:3      | Learned a level 5 spell: Lee's Rapid Deconstruction
  3496 | D:4      | Noticed a big kobold
  3521 | D:4      | Killed a big kobold
  3521 | D:4      | Reached XP level 6. HP: 22/32 MP: 11/11
  3839 | D:4      | Reached skill level 6 in Earth Magic
  4189 | D:4      | Reached XP level 7. HP: 36/36 MP: 13/13
  4722 | D:5      | Entered Level 5 of the Dungeon
  5127 | D:5      | Found a staircase to the Ecumenical Temple.
  5137 | Temple   | Entered the Ecumenical Temple
  5166 | Temple   | Became a worshipper of Vehumet
  5417 | D:6      | Noticed a two-headed ogre
  5425 | D:6      | Killed a two-headed ogre
  5425 | D:6      | Reached skill level 1 in Fighting
  5425 | D:6      | Reached skill level 1 in Maces & Flails
  5425 | D:6      | Reached skill level 1 in Armour
  5425 | D:6      | Reached skill level 5 in Spellcasting
  5425 | D:6      | Reached skill level 5 in Conjurations
  5425 | D:6      | Reached skill level 7 in Earth Magic
  5425 | D:6      | Reached skill level 1 in Evocations
  5425 | D:6      | Reached XP level 8. HP: 44/44 MP: 9/15
  5973 | D:6      | Reached XP level 9. HP: 27/49 MP: 17/17
  6663 | D:7      | Noticed Joseph
  6682 | D:7      | Killed Joseph
  6682 | D:7      | Reached skill level 8 in Earth Magic
  6735 | D:7      | Reached * piety under Vehumet
  6735 | D:7      | Offered knowledge of Freeze by Vehumet.
  7393 | D:7      | Reached ** piety under Vehumet
  7393 | D:7      | Offered knowledge of Magic Dart by Vehumet.
  7398 | D:7      | Reached XP level 10. HP: 35/56 MP: 5/19
  7891 | D:8      | Noticed Grum
  7896 | D:8      | Noticed Pikel
  7918 | D:8      | Killed Grum
  7949 | D:8      | Offered knowledge of Mephitic Cloud by Vehumet.
  8028 | D:8      | Found a blossoming altar of Fedhas.
  8054 | D:8      | Killed Pikel
  8348 | D:8      | Reached *** piety under Vehumet
  8572 | D:8      | Found Hifauc's Book Emporium.
  8900 | D:9      | Reached skill level 9 in Earth Magic
  8909 | D:9      | Got a pair of faintly glowing boots
  8920 | D:9      | Identified the +1 pair of boots of Beiwaor {+Inv rElec rF-
                  | Str+2} (You found it on level 9 of the Dungeon)
  9255 | D:9      | Reached skill level 5 in Fighting
  9255 | D:9      | Reached skill level 5 in Armour
  9375 | D:10     | Entered Level 10 of the Dungeon
  9517 | D:10     | Offered knowledge of Sticky Flame by Vehumet.
  9595 | D:10     | Noticed Sonja
  9598 | D:10     | Killed Sonja
  9598 | D:10     | Reached XP level 11. HP: 64/64 MP: 8/21
  9675 | D:10     | Found Cuawe's General Store.
  9973 | D:10     | Reached skill level 5 in Maces & Flails
 10088 | D:10     | Found a staircase to the Lair.
 10570 | D:11     | Identified the ring "Atoed" {+Fly rPois}
 10608 | D:11     | Found Boowonnay's Jewellery Boutique.
 10982 | D:11     | Noticed a green very ugly thing
 10982 | D:11     | Noticed a red ugly thing
 10982 | D:11     | Noticed a white ugly thing
 10983 | D:11     | Found a runed translucent gate.
 10983 | D:11     | Found a runed translucent gate.
 10983 | D:11     | Found a runed translucent gate.
 10984 | D:11     | Noticed a purple ugly thing
 10984 | D:11     | Noticed a white ugly thing
 11199 | D:12     | Noticed an orc knight
 11203 | D:12     | Reached **** piety under Vehumet
 11203 | D:12     | Killed an orc knight
 11203 | D:12     | Offered knowledge of Iskenderun's Mystic Blast by Vehumet.
 11434 | D:12     | Found a large runed translucent door.
 11434 | D:12     | Found a large runed translucent door.
 11451 | D:12     | Noticed Nuogamut's ghost (journeyman TrBe)
 11529 | D:12     | Reached skill level 5 in Evocations
 11792 | D:12     | Reached skill level 5 in Dodging
 11805 | D:12     | Noticed a soul eater
 11808 | D:12     | Reached skill level 10 in Earth Magic
 12072 | D:12     | Found a staircase to the Orcish Mines.
 12900 | D:12     | Reached XP level 12. HP: 71/71 MP: 20/23
 12984 | D:12     | Reached ***** piety under Vehumet
 12984 | D:12     | Offered knowledge of Ozocubu's Refrigeration by Vehumet.
 13265 | D:11     | Killed a green very ugly thing
 13269 | D:11     | Found a runed translucent gate.
 13269 | D:11     | Found a runed translucent gate.
 13273 | D:11     | Noticed Aksej's ghost (journeyman DsGl)
 13273 | D:11     | Found a runed translucent gate.
 13381 | D:13     | Noticed a centaur warrior
 13470 | D:13     | Found a gate leading to a gauntlet.
 13476 | Gauntlet | Entered a Gauntlet
 13476 | Gauntlet | Found a transporter.
 13486 | Gauntlet | Found a transporter.
 13494 | Gauntlet | Found a transporter.
 13496 | Gauntlet | Found a transporter.
 13506 | Gauntlet | Found a transporter.
 13523 | Gauntlet | Found a transporter.
 13533 | Gauntlet | Found a transporter.
 13542 | Gauntlet | Noticed a hell beast
 13543 | Gauntlet | Found a transporter.
 13548 | Gauntlet | Found a transporter.
 13562 | Gauntlet | Found a transporter.
 13569 | Gauntlet | Noticed a death scarab
 13576 | Gauntlet | Found a transporter.
 13576 | Gauntlet | Found a transporter.
 13634 | Gauntlet | Found a transporter.
 13647 | Gauntlet | Found a transporter.
 13806 | Gauntlet | Got a masterwork quarterstaff
 13807 | Gauntlet | Identified the +5 quarterstaff "Gargoyle's Curse" {vorpal,
                  | rC+ rN+} (You found it in a Gauntlet)
 13892 | Gauntlet | Identified the +7 bardiche of Forced Transition {flame,
                  | rElec Dex+4}
 13892 | Gauntlet | Noticed a minotaur
 13897 | Gauntlet | Killed a minotaur
 14125 | D:13     | Got a brightly glowing whip
 14126 | D:13     | Identified the +8 whip "Xuthiant" {holy, MR++} (You found
                  | it on level 13 of the Dungeon)
 14414 | D:13     | Killed a centaur warrior
 14568 | D:13     | Reached skill level 11 in Earth Magic
 14587 | D:13     | Reached XP level 13. HP: 65/78 MP: 17/25
 14590 | D:13     | Noticed a vault guard
 14591 | D:13     | Identified a scroll of acquirement
 14591 | D:13     | Acquired 1170 gold pieces
 14599 | D:13     | Killed a vault guard
 14724 | D:13     | Found a gate to the Vaults.
 15250 | D:14     | Found an opulent altar of Gozag.
 15793 | D:14     | Reached skill level 10 in Conjurations
 16133 | D:14     | Offered knowledge of Fulminant Prism by Vehumet.
 16757 | Lair:1   | Entered Level 1 of the Lair of Beasts
 16841 | Lair:1   | Reached skill level 12 in Earth Magic
 17505 | Lair:1   | Mutation became permanent: Your large and strong wings let
                  | you fly indefinitely. [Gargoyle growth]
 17505 | Lair:1   | Gained mutation: Your large and strong wings let you fly
                  | indefinitely. [Gargoyle growth]
 17505 | Lair:1   | Reached XP level 14. HP: 86/86 MP: 19/27
 18819 | Lair:2   | Found a staircase to the Shoals.
 19373 | Lair:3   | Found an iron altar of Okawaru.
 19739 | Lair:3   | Found a staircase to the Snake Pit.
 20768 | Lair:4   | Reached skill level 10 in Fighting
 21689 | Lair:4   | Reached ****** piety under Vehumet
 21700 | Lair:4   | Offered knowledge of Irradiate by Vehumet.
 21708 | Lair:4   | Learned a level 5 spell: Irradiate
 22030 | Lair:4   | Reached skill level 13 in Earth Magic
 22030 | Lair:4   | Reached skill level 10 in Spellcasting
 22141 | Lair:4   | Learned a level 6 spell: Iron Shot
 22147 | Lair:4   | Learned a level 5 spell: Bolt of Magma
 22189 | Lair:5   | Found a viscous altar of Jiyva.
 22190 | Lair:5   | Found a staircase to the Slime Pits.
 22264 | Lair:5   | Reached skill level 1 in Fire Magic
 22549 | Lair:5   | Reached XP level 15. HP: 93/93 MP: 29/29
 23061 | Lair:6   | Entered Level 6 of the Lair of Beasts
 23678 | Lair:6   | Reached skill level 10 in Maces & Flails
 23691 | Lair:6   | Found a runed translucent door.
 23714 | Lair:6   | Gained mutation: You are weak. (Str -2) [mutagenic glow]
 23728 | Lair:6   | Gained mutation: You are frail. (-10% HP) [mutagenic glow]
 23786 | Lair:6   | Offered knowledge of Conjure Ball Lightning by Vehumet.
 23879 | Lair:6   | Lost mutation: You are frail. (-10% HP) [potion of
                  | mutation]
 23879 | Lair:6   | Lost mutation: You are weak. (Str -2) [potion of mutation]
 23879 | Lair:6   | Gained mutation: Scrolls take you a little longer to read.
                  | [potion of mutation]
 23879 | Lair:6   | Gained mutation: Your body sometimes deteriorates upon
                  | taking damage. [potion of mutation]
 23879 | Lair:6   | Gained mutation: You have a pair of small horns on your
                  | head. [potion of mutation]
 23880 | Lair:6   | Lost mutation: Scrolls take you a little longer to read.
                  | [potion of mutation]
 23880 | Lair:6   | Lost mutation: You have a pair of small horns on your head.
                  | [potion of mutation]
 23880 | Lair:6   | Lost mutation: Your body sometimes deteriorates upon taking
                  | damage. [potion of mutation]
 23880 | Lair:6   | Gained mutation: You evolve. [potion of mutation]
 24267 | Lair:6   | Noticed PigKeeper's ghost (journeyman TeHu)
 24833 | Lair:6   | Reached skill level 5 in Fire Magic
 25528 | Orc:1    | Entered Level 1 of the Orcish Mines
 25528 | Orc:1    | Noticed Erolcha
 25532 | Orc:1    | Killed Erolcha
 25669 | Orc:1    | Found a roughly hewn altar of Beogh.
 25941 | Orc:1    | Noticed Fannar
 25948 | Orc:1    | Killed Fannar
 26199 | Orc:2    | Entered Level 2 of the Orcish Mines
 26199 | Orc:2    | Found a staircase to the Elven Halls.
 26199 | Orc:2    | Found Kaiq's Armour Emporium.
 26243 | Orc:2    | Found Bophim's General Store.
 26243 | Orc:2    | Found Egoevuy's Magic Scroll Shop.
 26257 | Orc:2    | Bought a potion of invisibility for 136 gold pieces
 26257 | Orc:2    | Bought a potion of invisibility for 136 gold pieces
 26257 | Orc:2    | Bought a scroll of identify for 34 gold pieces
 26265 | Orc:2    | Bought a scroll of noise for 15 gold pieces
 26303 | Orc:2    | Noticed Rupert
 26332 | Orc:2    | Killed Rupert
 26456 | Orc:2    | Gained mutation: Your mind is acute. (Int +2) [evolution]
 26538 | Orc:1    | Offered knowledge of Lightning Bolt by Vehumet.
 27171 | Orc:2    | Reached XP level 16. HP: 84/100 MP: 30/30
 27479 | Orc:2    | Found Jeuculang's Armour Shop.
 27479 | Orc:2    | Found Dyhahen's Distillery.
 27481 | Orc:2    | Found Jofryag's Armour Shoppe.
 27483 | Orc:2    | Found Epuocess's Distillery.
 27496 | Orc:2    | Bought a potion of invisibility for 128 gold pieces
 27496 | Orc:2    | Bought a potion of mutation for 128 gold pieces
 27496 | Orc:2    | Bought a potion of brilliance for 64 gold pieces
 27496 | Orc:2    | Bought a potion of curing for 48 gold pieces
 27496 | Orc:2    | Bought a potion of curing for 48 gold pieces
 27496 | Orc:2    | Bought a potion of haste for 160 gold pieces
 27496 | Orc:2    | Bought a potion of curing for 48 gold pieces
 27499 | Orc:2    | Bought 2 potions of curing for 78 gold pieces
 27499 | Orc:2    | Bought a potion of mutation for 104 gold pieces
 27499 | Orc:2    | Bought a potion of heal wounds for 65 gold pieces
 27499 | Orc:2    | Bought a potion of curing for 39 gold pieces
 27499 | Orc:2    | Bought 2 potions of invisibility for 208 gold pieces
 27499 | Orc:2    | Bought a potion of curing for 39 gold pieces
 27499 | Orc:2    | Bought a potion of curing for 39 gold pieces
 28132 | Orc:2    | Bought a scroll of teleportation for 45 gold pieces
 28132 | Orc:2    | Bought a scroll of identify for 30 gold pieces
 28132 | Orc:2    | Bought a scroll of teleportation for 45 gold pieces
 28140 | Orc:2    | Bought a wand of acid (10) for 476 gold pieces
 28357 | D:15     | Entered Level 15 of the Dungeon
 28511 | D:15     | Found a staircase to the Depths.
 28939 | D:15     | Offered knowledge of Freezing Cloud by Vehumet.
 29210 | D:15     | Reached skill level 14 in Earth Magic
 29929 | Snake:1  | Entered Level 1 of the Snake Pit
 31686 | Snake:2  | Noticed a nagaraja
 31697 | Snake:2  | Killed a nagaraja
 31883 | Snake:2  | Found Cehoq's Armour Shoppe.
 33670 | Snake:3  | Reached XP level 17. HP: 100/106 MP: 12/32
 33777 | Shoals:1 | Entered Level 1 of the Shoals
 34435 | Shoals:1 | Gained mutation: You expend magic power (3 MP) to
                  | strengthen your wands. [evolution]
 34621 | Shoals:1 | Offered knowledge of Starburst by Vehumet.
 34651 | Shoals:1 | Learned a level 6 spell: Starburst
 35665 | Shoals:2 | Noticed Dienesei's ghost (adept MiBe)
 35694 | Shoals:2 | Found a runed translucent gate.
 35694 | Shoals:2 | Found a runed translucent gate.
 35694 | Shoals:2 | Found a runed translucent gate.
 35764 | Shoals:2 | Noticed Nikola
 35782 | Shoals:2 | Killed Nikola
 37956 | Elf:1    | Entered Level 1 of the Elven Halls
 38263 | Elf:1    | Found Ytosch Dajy's Antique Armour Emporium.
 38269 | Elf:1    | Bought a pair of ichor-stained boots for 351 gold pieces
 38269 | Elf:1    | Identified the +0 pair of boots of Springtime {rElec rCorr
                  | MP-9} (You bought it in a shop on level 1 of the Elven
                  | Halls)
 38928 | Elf:1    | Found Inuyl's Armour Emporium.
 38972 | Elf:1    | Found Rokhieni's Antique Armour Shoppe.
 39025 | Elf:1    | Identified the Disquisition on Battle Magic
 39109 | Elf:1    | Found Cicytank's Magic Scroll Shoppe.
 39145 | Elf:1    | Bought a scroll of identify for 40 gold pieces
 39145 | Elf:1    | Bought a scroll of holy word for 150 gold pieces
 39145 | Elf:1    | Bought a scroll of teleportation for 60 gold pieces
 39195 | Elf:1    | Found Gubrait's Jewellery Shop.
 39408 | Elf:2    | Reached skill level 10 in Dodging
 39577 | Elf:2    | Found Rememut's General Store.
 39667 | Elf:2    | Reached skill level 10 in Fire Magic
 40251 | Elf:2    | Found a huge runed translucent gate.
 40251 | Elf:2    | Found a huge runed translucent gate.
 40251 | Elf:2    | Found a huge runed translucent gate.
 40252 | Elf:2    | Found a huge runed translucent gate.
 40255 | Elf:2    | Found a huge runed translucent gate.
 40308 | Elf:3    | Entered Level 3 of the Elven Halls
 40356 | Elf:3    | Found a runed translucent door.
 40356 | Elf:3    | Noticed Myldir's ghost (adept GrEE)
 40383 | Elf:3    | Reached skill level 15 in Earth Magic
 40660 | Elf:3    | Reached XP level 18. HP: 97/113 MP: 33/33
 40725 | Elf:3    | Offered knowledge of Shatter by Vehumet.
 40725 | Elf:3    | Offered knowledge of Tornado by Vehumet.
 40725 | Elf:3    | Offered knowledge of Ignition by Vehumet.
 40800 | Elf:3    | Got a faintly glowing bone ring
 40801 | Elf:3    | Identified the ring of the Morning {rElec MR+ Str+5 Stlth+}
                  | (You found it on level 3 of the Elven Halls)
 41411 | Elf:3    | Noticed a deep elf blademaster
 41422 | Elf:3    | Killed a deep elf blademaster
 41573 | Elf:3    | Noticed a deep elf master archer
 41577 | Elf:3    | Noticed a deep elf master archer
 41578 | Elf:3    | Killed a deep elf master archer
 41581 | Elf:3    | Killed a deep elf master archer
 41685 | Elf:3    | Identified the +10 shortbow of the Hierophant {flame,
                  | rElec}
 41843 | Elf:3    | Identified the ring "Yxzid" {rPois MP+9 Str+6 Dex+6 Stlth-}
 41874 | Elf:3    | Noticed a deep elf blademaster
 41882 | Elf:3    | Killed a deep elf blademaster
 42023 | Elf:3    | Identified the ring "Dogojuat" {Wiz rC- Int+5}
 42387 | Elf:3    | Found the +3 pair of gauntlets of War {Slay+5}
 42669 | Elf:3    | Identified the +0 pair of gloves "Afozykh" {Int+2} (You
                  | found it on level 3 of the Elven Halls)
 42716 | Elf:3    | Identified the +1 helmet of Leapfrog {rN++ Int+2 Dex-3}
                  | (You found it on level 3 of the Elven Halls)
 42786 | Elf:3    | Learned a level 8 spell: Ignition
 42790 | Elf:3    | Identified the cursed -6 pair of boots of Free Expression
                  | {rCorr Str-4 Dex+3} (You found it on level 3 of the Elven
                  | Halls)
 42793 | Elf:3    | Identified a +0 pair of boots of running (You found it on
                  | level 3 of the Elven Halls)
 43989 | Snake:3  | Reached XP level 19. HP: 115/119 MP: 35/35
 45014 | Snake:4  | Entered Level 4 of the Snake Pit
 45936 | Snake:4  | Noticed Vashnia
 45946 | Snake:4  | Reached skill level 16 in Earth Magic
 45954 | Snake:4  | Killed Vashnia
 46974 | Snake:4  | Got a serpentine rune of Zot
 47963 | Shoals:3 | Gained mutation: You have a pair of small horns on your
                  | head. [evolution]
 48036 | Shoals:3 | Noticed Aizul
 48043 | Shoals:3 | Killed Aizul
 48043 | Shoals:3 | Reached XP level 20. HP: 118/126 MP: 11/36
 48679 | Shoals:3 | Noticed Ilsuiw
 48687 | Shoals:3 | Killed Ilsuiw
 49046 | Shoals:4 | Entered Level 4 of the Shoals
 49118 | Shoals:3 | Lost mutation: Your mind is acute. (Int +2) [mutagenic
                  | glow]
 49630 | Shoals:4 | Noticed Louise
 49645 | Shoals:4 | Killed Louise
 50081 | Shoals:4 | Noticed Polyphemus
 50517 | Shoals:4 | Killed Polyphemus
 51029 | Shoals:4 | Got a barnacled rune of Zot
 51920 | Vaults:1 | Entered Level 1 of the Vaults
 52144 | Vaults:1 | Found Yfol's Assorted Antiques.
 52170 | Vaults:1 | Bought 2 potions of mutation for 640 gold pieces
 52170 | Vaults:1 | Bought a potion of curing for 120 gold pieces
 53069 | Vaults:1 | Reached skill level 15 in Conjurations
 53484 | Vaults:2 | Reached XP level 21. HP: 115/132 MP: 38/38
 53598 | Vaults:2 | Noticed a bone dragon
 53622 | Vaults:2 | Killed a bone dragon
 53983 | Vaults:2 | Found a staircase to the Crypt.
 54591 | Vaults:2 | Reached skill level 17 in Earth Magic
 55085 | Vaults:2 | Found Moewk's Book Emporium.
 56251 | Vaults:3 | Noticed Bai Suzhen
 56272 | Vaults:3 | Killed Bai Suzhen
 56740 | Vaults:3 | Noticed Mennas
 57228 | Vaults:3 | Noticed Xtahua
 57239 | Vaults:3 | Paralysed by Xtahua for 2 turns
 57244 | Vaults:3 | Killed Xtahua
 57244 | Vaults:3 | Reached skill level 15 in Fighting
 57323 | Vaults:3 | Gained mutation: You occasionally shout uncontrollably at
                  | your foes. [evolution]
 58339 | Vaults:3 | Reached skill level 15 in Fire Magic
 58785 | Vaults:3 | Killed Mennas
 59288 | Vaults:4 | Reached XP level 22. HP: 125/140 MP: 35/39
 60771 | Vaults:4 | Learned a level 9 spell: Shatter
 61068 | Depths:1 | Entered Level 1 of the Depths
 62212 | Vaults:5 | Entered Level 5 of the Vaults
 62448 | Vaults:5 | Reached skill level 18 in Earth Magic
 62936 | Vaults:5 | Reached skill level 19 in Earth Magic
 62939 | Vaults:5 | HP: 4/140 [tengu reaver] (20)]
 62939 | Vaults:5 | Shot with a bolt by a vault warden

Illustrated notes

Levels and vault maps discovered:
D:1:      minmay_arrival_four_circles, layout_basic, hangedman_decor_riveting
D:2:      layout_loops_ring, eino_tiny_chamber
D:3:      layout_basic, lemuel_doored_altar, fountainhead,
          wad_floor_pattern_untrapped, grunt_ministairs_1,
          hangedman_abyss_or_decor_lesser_grid, hangedman_abyss_or_decor_stabs,
          minmay_quantized
D:4:      layout_layer_cave
D:5:      layout_gridville, minmay_temple_entry_ruins
D:6:      layout_loops_corners
D:7:      layout_gridville, uniq_joseph
D:8:      layout_rooms, serial_shops, nicolae_shop_behind_doors, fedhas_altar_2,
          uniq_pikel, uniq_grum
D:9:      layout_rooms
D:10:     layout_rooms, erik_lair_dragon, serial_shops,
          nicolae_shop_window_shopping, uniq_sonja
D:11:     layout_loops_cross, ploomutoo_gammafunk_ghost_potion_laboratory,
          minmay_misc_feat_rugged, minmay_shop_enchanted_jewellery,
          dk_vineyard_3, minmay_misc_feat_pillars
D:12:     layout_roguey [special_room_orc], zombieorc1_lemuel,
          ebering_ghost_disaster_area
D:13:     layout_roguey, grunt_vaults_entry_tiered, gauntlet_entry_generic,
          st_stairs_11, hangedman_decor_growths, nooodl_orcs_dogs
D:14:     layout_loops_ring, nicolae_gozag_cash_rules_everything_around_me,
          hangedman_abyss_or_decor_stagger, chequers_garden
D:15:     gammafunk_enter_depths_forms, layout_layer_cave,
          minmay_splitting_lines, minmay_fractal_squares_diagonal_5
Temple:   compressed_dpeg_circular_temple
Lair:1:   layout_gridlike
Lair:2:   layout_chaotic_city, shoals_dummy_entry, lemuel_fruit_fields,
          infiniplex_staircase_pool_2
Lair:3:   layout_layer_cave, guppyfry_snake_entry_garden, lemuel_oklob_altar
Lair:4:   regret_index_tunnel_blossom, layout_loops_ring, special_room
          [special_room_bee], lemuel_fruit_tree
Lair:5:   layout_long_grid, slime_altar_1, beast_lair_carwin_3
Lair:6:   minmay_lair_end_enchanted_forest, layout_cave_pods,
          gammafunk_ghost_grave, minivault_19, grunt_megastairs_3
Shoals:1: layout_shoals
Shoals:2: layout_shoals, gammafunk_ghost_split, uniq_nikola
Shoals:3: layout_shoals, nicolae_shoals_kraken_intersection, uniq_aizul,
          uniq_ilsuiw
Shoals:4: shoals_end_hangedman, layout_shoals, uniq_polyphemus, uniq_louise
Snake:1:  layout_cave_shapes
Snake:2:  layout_honeycomb, serial_shops, shop_fountains, st_stairs_4,
          grunt_ministairs_6
Snake:3:  layout_layer_cave, drop_trap
Snake:4:  johnstein_snake_rune_scales, layout_layer_cave, st_stairs_11
Orc:1:    layout_caves, basic_altar, roderic_batcave, nicolae_orc_stony_grotto,
          uniq_fannar, uniq_erolcha
Orc:2:    st_orc_rangers, layout_diamond_mine, serial_shops, shop, shop, shop,
          guppyfry_library_mini, uniq_rupert
Elf:1:    minmay_elf_arrival_summoners, layout_rooms, serial_shops, shop, shop,
          nicolae_shop_stone, shop, shop, minmay_elf_annihilation,
          hangedman_elven_ridges, minivault_19, due_unseen_surprise
Elf:2:    layout_geoelf_octagon, serial_shops, shop, item_on_display_a,
          uniq_asterion
Elf:3:    grunt_elf_hall_asides, layout_geoelf_octagon,
          ebering_ghost_inner_flame, laboratory
Vaults:1: v_misc_1, nicolae_vaults_little_squares_3,
          nicolae_vaults_shelves_hall, st_hourglassy, hangedman_vaults_hat,
          grunt_vaults_hallway_short, nicolae_vaults_asterisk,
          nicolae_vaults_circle_grid_a, layout_vaults_omnibox, serial_shops,
          nicolae_shop_temple_entry_statues_fountains
Vaults:2: v_misc_23, v_misc_19, v_misc_1, v_misc_14,
          minmay_crypt_entry_nasty_monster, ontoclasm_vaults_ring_large,
          vaults_standard_mumra_x, nicolae_vaults_theta, vaults_room_octagon,
          vaults_room_door_ring, hangedman_vaults_pinch, layout_vaults_ring,
          serial_shops, shop
Vaults:3: nicolae_vaults_theta, nicolae_vaults_shelves_hall,
          nicolae_vaults_murderbox, ontoclasm_vaults_chip, v_misc_24,
          vaults_mumra_chevron_long, vaults_mumra_hexcomb, v_pattern_3,
          v_alt_pattern_5, nicolae_vaults_theta, layout_vaults_chaotic_city,
          uniq_mennas, uniq_xtahua, uniq_bai_suzhen
Vaults:4: ontoclasm_vaults_ring_square, ontoclasm_vaults_misaligned,
          nicolae_vaults_what_the_h, nicolae_vaults_stairing_the_circle,
          nicolae_vaults_diagonal_hallway_7, vaults_room_pools,
          layout_vaults_omnigrid
Vaults:5: uniq_margery
Depths:1: layout_long_grid, hell_entry, lemuel_crystal_altar,
          nicolae_lava_and_water, minmay_variable_closet,
          kennysheep_generic_room_6

Skill      XL: |  1  2  3  4  5  6  7  8  9 10 11 12 13 14 15 16 17 18 19 20 21 22 |
---------------+-------------------------------------------------------------------+-----
Earth Magic    | 4 5 6 7 8 9 10 11 12 13 14 15 16 17 19 | 19.3
Conjurations   | 1 2 3 5 6 7 8 9 10 11 12 13 14 15 | 15.9
Spellcasting   | 3 4 5 6 7 8 9 10 11 12 13 14 | 14.0
Fighting       | 1 2 3 5 6 8 9 10 11 12 13 14 15 | 15.5
Maces & Flails | 1 2 3 4 5 7 8 9 10 11 12 13 14 | 14.2
Armour         | 1 2 4 5 6 |  6.0
Dodging        | 2 3 4 5 6 7 8 9 10 11 12 | 12.4
Evocations     | 1 2 3 4 5 6 |  6.0
Fire Magic     | 1 5 8 10 11 13 14 15 | 15.8
Stealth        | |  2.1
Transmutations | |  0.7

Action                   |  1- 3 |  4- 6 |  7- 9 | 10-12 | 13-15 | 16-18 | 19-21 | 22-24 || total
-------------------------+-------+-------+-------+-------+-------+-------+-------+-------++-------
Melee: Unarmed           |    18 |       |       |       |       |       |       |       ||    18
       Mace              |    87 |   149 |       |       |       |       |       |       ||   236
       Club              |    13 |       |       |       |       |       |       |       ||    13
       Dagger            |       |    32 |       |       |       |       |       |       ||    32
       Whip              |       |    27 |   254 |   398 |  1302 |   856 |   965 |    54 ||  3856
       Quarterstaff      |       |       |       |    16 |       |       |       |       ||    16
       Headbutt          |       |       |       |       |       |       |   231 |    17 ||   248
 Cast: Sandblast         |    11 |     1 |    11 |    55 |    35 |     4 |     1 |       ||   118
       Stone Arrow       |       |     1 |       |    11 |    15 |       |     3 |       ||    30
       Lee's Rapid Decon |       |     1 |     7 |    52 |    93 |   118 |    38 |     2 ||   311
       Irradiate         |       |       |       |       |    21 |    34 |    10 |       ||    65
       Bolt of Magma     |       |       |       |       |    11 |     1 |     3 |       ||    15
       Iron Shot         |       |       |       |       |    10 |    94 |   102 |    26 ||   232
       Starburst         |       |       |       |       |       |    17 |     4 |       ||    21
       Ignition          |       |       |       |       |       |     1 |    46 |    19 ||    66
       Shatter           |       |       |       |       |       |       |       |     5 ||     5
 Abil: Evoke Invisibilit |       |       |       |     1 |       |       |     1 |       ||     2
       Fly               |       |       |       |       |     1 |       |       |       ||     1
Evoke: Wand              |       |       |     6 |     8 |    14 |     7 |     4 |       ||    39
       Tin of tremorston |       |       |       |     3 |     4 |     5 |     6 |       ||    18
       Box of beasts     |       |       |       |       |     1 |     1 |     1 |       ||     3
       Phial of floods   |       |       |       |       |       |     1 |     1 |       ||     2
       Condenser vane    |       |       |       |       |       |       |     5 |       ||     5
  Use: Scroll            |     5 |     6 |     4 |    17 |    15 |    22 |    11 |     1 ||    81
       Potion            |       |     1 |       |     2 |     6 |     4 |    14 |     4 ||    31
 Stab: Sleeping          |     2 |       |     1 |     4 |     1 |     1 |     1 |       ||    10
       Distracted        |       |       |     1 |       |     1 |       |       |       ||     2
       Invisible         |       |       |       |       |     2 |       |     2 |       ||     4
Armor: Robe              |    30 |   119 |   148 |   241 |   689 |   428 |   386 |    60 ||  2101
Dodge: Dodged            |    82 |   171 |   140 |   245 |   911 |   517 |   729 |   109 ||  2904

Table legend: (Time is in decaauts)
 A = Elapsed time spent in this place.
 B = Non-inter-level travel time spent in this place.
 C = Inter-level travel time spent in this place.
 D = Time resting spent in this place.
 E = Time spent auto-exploring this place.
 F = Levels seen in this place.
 G = Mean time per level.
                   A        B        C        D        E       F      G
               +--------+--------+--------+--------+--------+-----+--------+
         Total |  61703 |  56978 |   4725 |  13123 |  33757 |  42 | 1469.1 |
       Dungeon |  19560 |  17455 |   2105 |   2619 |  11483 |  15 | 1304.0 |
        Temple |     56 |     31 |     25 |      0 |     26 |   1 |   56.0 |
          Lair |   8627 |   7958 |    669 |    659 |   5743 |   6 | 1437.8 |
        Shoals |   8031 |   7700 |    331 |   2913 |   3745 |   4 | 2007.8 |
     Snake Pit |   7585 |   7083 |    502 |   1443 |   4756 |   4 | 1896.2 |
  Orcish Mines |   2700 |   2463 |    237 |    779 |    954 |   2 | 1350.0 |
   Elven Halls |   4864 |   4613 |    251 |   1346 |   2095 |   3 | 1621.3 |
        Vaults |   9785 |   9183 |    602 |   3276 |   4783 |   5 | 1957.0 |
        Depths |     18 |     18 |      0 |      0 |      0 |   1 |   18.0 |
      Gauntlet |    473 |    473 |      0 |     87 |    171 |   1 |  473.0 |
               +--------+--------+--------+--------+--------+-----+--------+

Top non-repeatable levels by time:
Vaults:3: 3343 daAuts
Shoals:1: 2616 daAuts
Vaults:4: 2588 daAuts
Shoals:3: 2559 daAuts
    D:12: 2329 daAuts
   Elf:3: 2315 daAuts
Vaults:2: 2249 daAuts
    D:15: 2099 daAuts
  Lair:6: 2070 daAuts
 Snake:2: 2036 daAuts
 Snake:4: 1983 daAuts
 Snake:3: 1875 daAuts
   Orc:2: 1742 daAuts
 Snake:1: 1688 daAuts
Shoals:4: 1607 daAuts
